 Dungeon Crawl Stone Soup version 0.30.1-11-g7821555f0a (webtiles) character file.

Game seed: 6844525101278030258

17320 mindfreak the Basher (level 12, -10/92 HPs)
             Began as a Demonspawn Gladiator on Dec 15, 2023.
             Was a Priest of Makhleb.
             Mangled by a spriggan
             ... wielding a +1 falchion of holy wrath
              (11 damage)
             ... on level 1 of the Lair of Beasts.
             The game lasted 00:28:26 (9124 turns).

mindfreak the Basher (Demonspawn Gladiator)         Turns: 9124, Time: 00:28:27

Health: -10/92     AC: 25    Str: 16    XL:     12   Next: 17%
Magic:  15/15      EV:  8    Int: 13    God:    Makhleb [***...]
Gold:   729        SH:  7    Dex: 25    Spells: 11/11 levels left

rFire   . . .        z - +12 mace "Tywe" {freeze, Str-2 Int+3 Dex+9 Stlth+}
rCold   . . .        G - +0 buckler
rNeg    . . .        Q - +0 plate armour
rPois   .            c - +0 helmet
rElec   .            (no cloak)
rCorr   .            (no gloves)
SInv    .            h - +0 pair of boots
Will    .....        I - amulet of faith Stlth
                     k - +4 ring of slaying
HPRegen 0.35/turn    (no ring)
MPRegen 0.14/turn

%: faith
@: about to teleport, sanguine armoured
A: foul stench 2, powered by death 2, sanguine armour 2
a: Renounce Religion, Minor Destruction, Lesser Servant of Makhleb


You were on level 1 of the Lair of Beasts.
You worshipped Makhleb.
Makhleb was most pleased with you.
You visited 3 branches of the dungeon, and saw 10 of its levels.
You also visited: Bailey.

You collected 729 gold pieces.

Inventory:

Hand Weapons
 z - the +12 mace "Tywe" (weapon) {freeze, Str-2 Int+3 Dex+9 Stlth+}
   (You found it on level 4 of the Dungeon)

   Str:       It affects your strength (-2).
   Int:       It affects your intelligence (+3).
   Dex:       It affects your dexterity (+9).
   Stlth:     It makes you more stealthy.
Missiles
 d - a throwing net
 e - a javelin
 C - 9 poisoned darts (quivered)
 D - 3 atropa-tipped darts
 H - 6 boomerangs
Armour
 c - a +0 helmet (worn)
 h - a +0 pair of boots (worn)
 G - a +0 buckler (worn)
 Q - a +0 plate armour (worn)
Jewellery
 k - a +4 ring of slaying (left hand)
 I - an amulet of faith (around neck)
Wands
 l - a wand of quicksilver (11)
 O - a wand of charming (17)
 R - a wand of flame (13)
Scrolls
 b - 3 scrolls of vulnerability {unknown}
 f - 2 scrolls of teleportation
 g - a scroll of amnesia
 i - a scroll of butterflies {unknown}
 j - 3 scrolls of fog
 o - 5 scrolls of poison
 p - a scroll of magic mapping
 u - 5 scrolls of identify
 y - a scroll of enchant armour {unknown}
 J - a scroll of enchant weapon {unknown}
 L - 2 scrolls of blinking {unknown}
 N - 2 scrolls of immolation
 S - a scroll of fear {unknown}
Potions
 a - 2 potions of degeneration
 m - 2 potions of mutation
 n - a potion of cancellation {unknown}
 q - a potion of lignification
 r - a potion of curing
 s - 4 potions of might
 t - a potion of invisibility
 v - a potion of haste {unknown}
 w - a potion of berserk rage {unknown}
 A - a potion of attraction
 B - a potion of flight
 E - a potion of ambrosia {unknown}
 F - 2 potions of magic
 P - 2 potions of brilliance


   Skills:
 + Level 8.1 Fighting
 - Level 5.6 Long Blades
 + Level 9.5 Maces & Flails
 + Level 3.0 Throwing
 + Level 8.0 Armour
 + Level 5.7 Dodging
 + Level 5.2 Stealth
 + Level 6.5 Shields
 * Level 5.1 Invocations


You had 11 spell levels left.
You didn't know any spells.
Your spell library contained the following spells:

 Spells                   Type           Power      Damage    Failure   Level
 Apportation              Tloc           0%         N/A       100%        1
 Foxfire                  Conj/Fire      0%         2x1d4     100%        1
 Necrotise                Necr           0%         1d4       100%        1
 Summon Small Mammal      Summ           0%         N/A       100%        1
 Fireball                 Conj/Fire      0%         3d3       100%        5
 Plasma Beam              Fire/Air       0%         2x1d11    100%        6
 Starburst                Conj/Fire      0%         6d3       100%        6
 Chain Lightning          Conj/Air       0%         N/A       100%        9
 Fire Storm               Conj/Fire      0%         5d1       100%        9
 Shatter                  Erth           0%         3d5*      100%        9


Dungeon Overview and Level Annotations

Branches:
Dungeon (8/15)             Temple (1/1) D:4            Lair (1/5) D:8
 Bailey (visited)

Altars:
Ashenzari
Cheibriados
Dithmenos
Fedhas
Gozag
Hepliaklqana
Kikubaaqudgha
Makhleb
Nemelex Xobeh
Okawaru
Qazlal
Ru
Sif Muna
Trog
Uskayaw
Vehumet
Wu Jian
Xom
Yredelemnul

Annotations:
D:6 1 runed translucent door
Lair:1 1 transporter, Paada's ghost, journeyman DECj


Innate Abilities, Weirdness & Mutations

You sometimes emit foul miasma when damaged in melee.
You regenerate health from kills.
When seriously injured, your blood forms thick armour. (AC +9)


Message History

The magic dart hits your ufetubus!
Your ufetubus dies!
Your ufetubus disappears in a puff of smoke!
You feel better.
The spriggan rider hits you but does no damage.
You hear a shout!
You block the spriggan rider's attack.
The spriggan berserker prays to Trog.
The spriggan berserker goes berserk!
Your smoke demon hits the spriggan berserker!
Your smoke demon closely misses the spriggan berserker.
Your smoke demon misses the spriggan berserker.
Your ynoxinul hits the spriggan berserker.
You feel better. Something hits your ynoxinul!!!
Your ynoxinul dies!
Your ynoxinul disappears in a puff of smoke!
Your ufetubus disappears in a puff of smoke!
The spriggan rider hits you from afar with a +1 trident of flaming!
* * * LOW HITPOINT WARNING * * *
The spriggan rider burns you.
* * * LOW HITPOINT WARNING * * *
The spriggan berserker hits your smoke demon with a +0 antimagic morningstar!!!
Your smoke demon dies!
Your smoke demon disappears in a puff of smoke!
The moth of wrath goads the spriggan on!
The spriggan goes berserk!
You block the spriggan's attack.
You sock the spriggan! You freeze the spriggan!
The spriggan is heavily wounded.
You hear a shout!
The spriggan rider hits you from afar with a +1 trident of flaming!
* * * LOW HITPOINT WARNING * * *
The spriggan rider burns you.
* * * LOW HITPOINT WARNING * * *
The spriggan berserker hits your smoke demon with a +0 antimagic morningstar!!!
Your smoke demon dies!
Your smoke demon disappears in a puff of smoke!
The spriggan hits you with a +1 falchion of holy wrath!
* * * LOW HITPOINT WARNING * * *
You convulse!
You die...

###............##
##...............##
#....#####........##
##..###...###.......###
#..###.#i...##........# ## #..#
###.#..##........### #.
##.####§#.###.##.....)...# ##
###..#...#}.§§#§.#..#......## #.
##..©#....._§§{§@#©.#.......####.
##...#...#§§..iii#..###......##..
.....##..#§#..i.##..# ##.........
......#.####...W#..## #.........
.....[####...y.##..# ##......†.
.......###.©.###..## ##...†###
.........#####....## ###....##..
.................#.# #.....##...
...............#..#####.....#....


You could see a spriggan rider (berserk), a spriggan berserker (berserk,
regenerating, strong-willed), a moth of wrath, 2 spriggans and Paada's ghost.

Vanquished Creatures
  2 vault guards (Bailey)
  A skeletal warrior (D:8)
  Pikel (D:7)
  4 elephants
  A cane toad (Lair:1)
  2 komodo dragons (Lair:1)
  A rime drake (Lair:1)
  Grinder (D:4)
  Prince Ribbit (Bailey)
  5 humans (Bailey)
  2 yaks (D:8)
  2 steam dragons (D:5)
  Edmund (D:6)
  9 water moccasins
  An orc warrior (D:8)
  2 sky beasts (D:6)
  An ice beast (D:8)
  2 black bears (D:8)
  An ogre (D:6)
  11 wolves (Lair:1)
  A centaur (D:8)
  A lemure (D:7)
  A phantom (D:4)
  A kobold brigand (D:8)
  A gnoll sergeant (D:8)
  12 bullfrogs
  11 scorpions
  A wight (D:8)
  9 killer bees
  2 quasits (D:7)
  3 hounds
  2 orc priests (D:8)
  2 jellies (D:5)
  Terence (D:2)
  5 iguanas
  3 orc wizards
  A sleepcap (D:4)
  Robin (D:2)
  9 gnolls
  15 adders
  2 shadow imps (D:7)
  5 white imps
  3 ufetubi
  9 worms
  5 dart slugs
  12 orcs
  9 endoplasms
  6 giant cockroaches
  13 goblins
  11 hobgoblins
  7 ball pythons
  7 bats
  4 frilled lizards
  8 kobolds
  10 rats
  A butterfly (D:6)
245 creatures vanquished.

Vanquished Creatures (collateral kills)
  A water moccasin (Lair:1)
  A wolf (Lair:1)
2 creatures vanquished.

Grand Total: 247 creatures vanquished

Notes
Turn   | Place    | Note
-------+----------+-------------------------------------------
     0 | D:1      | mindfreak the Demonspawn Gladiator began the quest for the
                  | Orb.
     0 | D:1      | Reached XP level 1. HP: 16/16 MP: 1/1
   192 | D:1      | Gained mutation: You regenerate a little health from kills.
                  | [demonic ancestry]
   192 | D:1      | Reached XP level 2. HP: 22/22 MP: 2/2
   467 | D:1      | Gained mutation: When seriously injured, your blood forms
                  | armour. (AC +9) [demonic ancestry]
   467 | D:1      | Reached XP level 3. HP: 27/27 MP: 3/3
  1021 | D:2      | Noticed Terence
  1035 | D:2      | Killed Terence
  1036 | D:2      | Reached XP level 4. HP: 9/33 MP: 4/4
  1230 | D:2      | Found a sacrificial altar of Ru.
  1234 | D:2      | Reached skill level 1 in Armour
  1340 | D:2      | Noticed Robin
  1346 | D:2      | Reached XP level 5. HP: 39/39 MP: 5/5
  1349 | D:2      | Killed Robin
  1727 | D:3      | Noticed a water moccasin
  1740 | D:3      | Killed a water moccasin
  1741 | D:3      | Reached skill level 5 in Long Blades
  1741 | D:3      | Reached XP level 6. HP: 5/46 MP: 6/6
  2724 | D:3      | Found a faded altar of an unknown god.
  3030 | D:4      | Identified the +12 mace "Tywe" {freeze, Str-2 Int+3 Dex+9
                  | Stlth+}
  3080 | D:4      | Noticed Grinder
  3084 | D:4      | Paralysed by Grinder for 4 turns
  3089 | D:4      | Killed Grinder
  3090 | D:4      | Reached skill level 1 in Maces & Flails
  3090 | D:4      | Reached skill level 1 in Stealth
  3090 | D:4      | Gained mutation: You may rarely emit foul miasma when
                  | damaged in melee. [demonic ancestry]
  3090 | D:4      | Reached XP level 7. HP: 14/52 MP: 7/7
  3291 | D:4      | Reached skill level 2 in Maces & Flails
  3428 | D:4      | Found a staircase to the Ecumenical Temple.
  3481 | Temple   | Entered the Ecumenical Temple
  3582 | Temple   | Became a worshipper of Makhleb the Destroyer
  4063 | D:5      | Entered Level 5 of the Dungeon
  4237 | D:5      | Noticed a steam dragon
  4239 | D:5      | Noticed a steam dragon
  4261 | D:5      | Killed a steam dragon
  4262 | D:5      | Reached skill level 3 in Maces & Flails
  4267 | D:5      | Killed a steam dragon
  4268 | D:5      | Gained mutation: You sometimes emit foul miasma when
                  | damaged in melee. [demonic ancestry]
  4268 | D:5      | Reached XP level 8. HP: 9/60 MP: 8/8
  4494 | D:5      | Reached skill level 4 in Maces & Flails
  5153 | D:6      | Reached skill level 5 in Maces & Flails
  5450 | D:6      | Noticed Edmund
  5458 | D:6      | Killed Edmund
  5458 | D:6      | Reached * piety under Makhleb
  5459 | D:6      | Reached skill level 1 in Shields
  5526 | D:6      | Found a runed translucent door.
  5540 | D:6      | Found a runed translucent door.
  5553 | D:6      | Gained mutation: You regenerate health from kills. [demonic
                  | ancestry]
  5553 | D:6      | Reached XP level 9. HP: 66/66 MP: 9/9
  5570 | D:6      | Reached skill level 6 in Maces & Flails
  5885 | D:7      | Found a flagged portal.
  5896 | Bailey   | Entered a bailey
  5931 | Bailey   | Reached skill level 5 in Fighting
  5931 | Bailey   | Reached skill level 7 in Maces & Flails
  5973 | Bailey   | Reached ** piety under Makhleb
  5984 | Bailey   | Noticed Prince Ribbit
  5984 | Bailey   | Noticed a vault guard
  5990 | Bailey   | Killed Prince Ribbit
  5991 | Bailey   | Reached skill level 5 in Armour
  6002 | Bailey   | Killed a vault guard
  6003 | Bailey   | Reached XP level 10. HP: 57/74 MP: 10/10
  6071 | Bailey   | Noticed a vault guard
  6089 | Bailey   | Killed a vault guard
  6090 | Bailey   | Reached skill level 8 in Maces & Flails
  6507 | D:7      | Reached skill level 5 in Dodging
  6507 | D:7      | Reached skill level 5 in Stealth
  6507 | D:7      | Reached skill level 5 in Shields
  6507 | D:7      | Gained mutation: When seriously injured, your blood forms
                  | thick armour. (AC +9) [demonic ancestry]
  6507 | D:7      | Reached XP level 11. HP: 84/84 MP: 11/11
  6693 | D:7      | Noticed Pikel
  6700 | D:7      | Killed Pikel
  6701 | D:7      | Reached skill level 1 in Invocations
  6762 | D:7      | Identified the +5 ring mail of Ponueg {rC+++ Regen+ Str-4
                  | Int+3}
  6923 | D:8      | Found a shadowy altar of Dithmenos.
  6929 | D:8      | Reached *** piety under Makhleb
  6947 | D:8      | Found a basalt altar of Yredelemnul.
  6966 | D:8      | Found a shimmering blue altar of Sif Muna.
  7038 | D:8      | Found a staircase to the Lair.
  7230 | D:8      | Noticed a skeletal warrior
  7269 | D:8      | Killed a skeletal warrior
  7390 | D:8      | Reached skill level 9 in Maces & Flails
  7950 | Lair:1   | Entered Level 1 of the Lair of Beasts
  7998 | Lair:1   | Found a dark tunnel.
  8229 | Lair:1   | Reached XP level 12. HP: 91/92 MP: 15/15
  8244 | Lair:1   | Reached **** piety under Makhleb
  8416 | Lair:1   | Noticed Paada's ghost (journeyman DECj)
  8422 | Lair:1   | Found a bloodstained altar of Trog.
  8430 | Lair:1   | Found a transporter.
  8636 | Lair:1   | Found a transporter.
  8821 | Lair:1   | Reached skill level 5 in Invocations
  9124 | Lair:1   | HP: 1/92 [spriggan/+1 falchion of holy wrath (11)]
  9124 | Lair:1   | Mangled by a spriggan

Illustrated notes

Levels and vault maps discovered:
D:1:      eino_arrival_cavern_d, layout_basic, wad_floor_pattern_1,
          minmay_octomino_c4
D:2:      layout_rooms, basic_altar, uniq_robin, uniq_terence
D:3:      layout_basic, shapermc_ecumenical_altar_mp_ritualfount,
          minmay_misc_feat_x, st_stairs_11, chequers_serial_rivers_room_b,
          minmay_misc_feat_chi, grunt_ministairs_8, nicolae_wormholes
D:4:      layout_basic, minmay_temple_entry_glass, minmay_unequal, uniq_grinder
D:5:      kennysheep_steamy, layout_cave_pools, serial_column_ruins,
          column_ruins_hut, column_ruins_hut_ruined,
          column_ruins_corridor_straight, column_ruins_grid_1,
          column_ruins_open_tiny, column_ruins_open_medium,
          column_ruins_columns_straight, column_ruins_open_small,
          column_ruins_columns_dead_end
D:6:      lemuel_insect_pit, layout_loops_corners, kennysheep_generic_room_12,
          uniq_edmund
D:7:      layout_cave_pools, kennysheep_little_box, serial_demonic,
          serial_demonic_e, serial_demonic_c, serial_demonic_a,
          serial_demonic_b, serial_demonic_d, enter_bailey_2, uniq_pikel
D:8:      minmay_chambers_of_fours, layout_gridville,
          gammafunk_temple_overflow_forgotten, david_lair_generic,
          lightli_ossuary_entry_decrepit_ruins
Temple:   hc_temple_tempest_star
Lair:1:   layout_hall_layers, nicolae_volcano_entry_s_turn,
          gammafunk_ghost_wrathful_warriors, beast_lair_carwin_5,
          lemuel_fruit_tree

Skill      XL: |  1  2  3  4  5  6  7  8  9 10 11 12 |
---------------+-------------------------------------+-----
Long Blades    | 3 4 5 |  5.6
Dodging        | 3 4 5 |  5.7
Armour         | 1 2 3 4 5 7 8 |  8.0
Fighting       | 3 4 5 7 8 |  8.1
Maces & Flails | 1 3 5 7 8 9 |  9.5
Stealth        | 1 3 5 |  5.2
Throwing       | 2 3 |  3.0
Shields        | 1 2 5 6 |  6.5
Invocations    | 4 5 |  5.1

Action                     |  1- 3 |  4- 6 |  7- 9 | 10-12 || total
---------------------------+-------+-------+-------+-------++-------
  Melee: Long sword        |    72 |   167 |       |       ||   239
         Mace              |       |     8 |   154 |   228 ||   390
         Punch             |       |     4 |       |       ||     4
  Throw: Throwing net      |       |     1 |     1 |       ||     2
         Boomerang         |       |       |     5 |       ||     5
         Dart              |       |       |     6 |     2 ||     8
         Javelin           |       |       |     2 |       ||     2
 Invoke: Lesser Servant of |       |       |       |     6 ||     6
         Minor Destruction |       |       |       |     6 ||     6
    Use: Potion            |       |       |     4 |    10 ||    14
         Scroll            |       |       |       |    12 ||    12
   Stab: Sleeping          |     1 |       |     2 |       ||     3
         Held in net/web   |       |       |     2 |       ||     2
 Armour: Leather armour    |    21 |       |       |       ||    21
         Scale mail        |    23 |    76 |    21 |       ||   120
         Chain mail        |       |       |    29 |       ||    29
         Skin              |       |       |    26 |     3 ||    29
         Plate armour      |       |       |       |   184 ||   184
  Dodge: Dodged            |    46 |    93 |    51 |   108 ||   298
  Block: Buckler           |       |       |    30 |   109 ||   139
